 Dungeon Crawl Stone Soup version 0.24-a0-358-g53aee78b01 (webtiles) character file.

Game seed: 17655726614865836706

3354 Lanoc the Cleaver (level 10, -3/71 HPs)
             Began as an Octopode Gladiator on May 25, 2019.
             Was a Follower of Uskayaw.
             Slain by a centaur simulacrum (11 damage)
             ... on level 8 of the Dungeon.
             The game lasted 00:13:15 (7565 turns).

Lanoc the Cleaver (Octopode Gladiator)              Turns: 7565, Time: 00:13:16

Health: -3/71      AC:  3    Str: 13    XL:     10   Next: 3%
Magic:  13/13      EV: 18    Int: 12    God:    Uskayaw [*.....]
Gold:   474        SH:  0    Dex: 16    Spells: 6/9 levels left

rFire    . . .     SeeInvis .   n - +1 hand axe (vamp)
rCold    . . .     Gourm    .   (no shield)
rNeg     . . .     Faith    .   b - +1 hat
rPois    .         Spirit   .   (no amulet)
rElec    .         Reflect  .   (no ring)
rCorr    .         Harm     .   (no ring)
MR       .....                  (no ring)
Stlth    ++........             (no ring)
HPRegen  0.21/turn              (no ring)
MPRegen  0.13/turn              (no ring)
                                (no ring)
                                (no ring)

@: no status effects
A: almost no armour, stealthy swim, amphibious, 8 rings, constrict 8, rugged
brown scales 1, camouflage 1, gelatinous body 1, MP-powered wands
a: Stomp, Renounce Religion


You were on level 8 of the Dungeon.
You worshipped Uskayaw.
Uskayaw was noncommittal.
You were hungry.

You visited 2 branches of the dungeon, and saw 9 of its levels.

You collected 474 gold pieces.

Inventory:

Hand Weapons
 a - a +0 war axe
 n - a +1 vampiric hand axe (weapon)
Missiles
 c - 3 throwing nets (quivered)
Armour
 b - a +1 hat (worn)
Wands
 g - a wand of flame (23)
 s - a wand of polymorph (13)
 v - a wand of disintegration (12)
 w - a wand of random effects (29)
Scrolls
 f - 3 scrolls of blinking
 i - 4 scrolls of enchant armour
 k - 3 scrolls of teleportation
 m - 3 scrolls of immolation
 o - 5 scrolls of identify
 p - 2 scrolls of remove curse
 t - a scroll of amnesia
 u - 3 scrolls of magic mapping
Potions
 e - 4 potions of curing
 h - a potion of haste
 j - 3 potions of invisibility
 l - a potion of flight
 q - 3 potions of cancellation
 r - a potion of agility
 x - a potion of resistance
Comestibles
 d - 18 rations


   Skills:
 + Level 6.6 Fighting
 * Level 9.5 Axes
 - Level 2.0 Throwing
 + Level 7.0 Dodging
 + Level 1.9 Earth Magic
 + Level 5.2 Invocations


You had 6 spell levels left.
You knew the following spells:

 Your Spells              Type           Power        Failure   Level  Hunger
a - Passwall              Tmut/Erth      #.......     34%         2    ###....
b - Sandblast             Erth           #.....       16%         1    ##.....

Your spell library contained the following spells:

 Spells                   Type           Power        Failure   Level  Hunger
 Stone Arrow              Conj/Erth      #.....       56%         3    ####...
 Petrify                  Tmut/Erth      #.......     92%         4    #####..
 Lee's Rapid Deconstruct  Erth           #.........   99%         5    ######.


Dungeon Overview and Level Annotations

Branches:
Dungeon (8/15)             Temple (1/1) D:5
   Lair: D:8-11

Altars:
Ashenzari
Cheibriados
Dithmenos
Elyvilon
Fedhas
Gozag
Hepliaklqana
Kikubaaqudgha
Makhleb
Nemelex Xobeh
Okawaru
Qazlal
Ru
Sif Muna
Trog
Uskayaw
Vehumet
Wu Jian
Xom
Yredelemnul
Zin
The Shining One


Innate Abilities, Weirdness & Mutations

You cannot wear most types of armour.
You are very stealthy in the water. (Stealth+)
You are amphibious.
You can wear up to eight rings at the same time.
You can use your tentacles to constrict eight enemies at once.
Your skin changes colour to match your surroundings (Stealth+).
Your rubbery body absorbs attacks. (AC +1, EV +1)
You are partially covered in rugged brown scales. (AC +1, +3% HP)
You expend magic power (3 MP) to strengthen your wands.


Message History

The bolt of electricity hits you! The centaur simulacrum hits you.
The centaur simulacrum freezes you.
* * * LOW HITPOINT WARNING * * *
You hit the electric eel.
You feel better.
Your grab misses the electric eel.
The electric eel is lightly wounded.
You hit the centaur simulacrum but do no damage.
You hit the bullfrog.
You feel better. The bullfrog hits you.
The centaur simulacrum barely misses you.
The electric eel shoots out a bolt of lightning at you!
The bolt of electricity hits you!
* * * LOW HITPOINT WARNING * * *
You hit the electric eel but do no damage.
You grab the electric eel.
The electric eel is lightly wounded.
You barely miss the centaur simulacrum. You hit the bullfrog.
You feel better.
You constrict the electric eel. The bullfrog closely misses you.
The centaur simulacrum hits you.
* * * LOW HITPOINT WARNING * * *
The centaur simulacrum freezes you!
You die...

##. ... .#$.
≈≈.....
..###.≈....# ###
##.##..≈...# #<##
#......≈.≈.#
##.###.....≈≈.≈.##
##.##.....≈≈....#
#....#.ZF≈≈.≈≈..
#..#....≈@;≈≈≈≈..
#..##...≈.≈≈.....
###.....≈..≈.≈...
##....≈≈.≈...#.
#.....≈≈.≈.....
#......≈.≈≈....
#.#.......≈≈....
.##........≈....


You could see a bullfrog, an electric eel and a centaur simulacrum.

Vanquished Creatures
  Joseph (D:7)
  A hornet (D:7)
  A hungry ghost (D:7)
  Menkaure (D:7)
  2 ice beasts
  2 sky beasts
  A phantom (D:7)
  2 centaurs
  3 big kobolds
  3 bullfrogs
  2 scorpions
  6 crimson imps
  3 orc priests
  2 hounds
  11 orc wizards
  2 bullfrog skeletons (D:7)
  3 iguanas
  7 worker ants
  Terence (D:3)
  A hound skeleton (D:4)
  A howler monkey skeleton (D:6)
  12 gnolls
  7 adders
  A shadow imp (D:7)
  A white imp (D:8)
  An ufetubus (D:8)
  2 oozes
  An adder zombie (D:5)
  2 adder skeletons (D:6)
  2 worms
  2 dart slugs (D:1)
  5 leopard geckos
  36 orcs
  A ball python (D:3)
  5 bats
  6 giant cockroaches
  35 goblins
  33 hobgoblins
  15 jackals
  16 kobolds
  5 quokkas
  2 frilled lizards
  7 rats
253 creatures vanquished.

Notes
Turn   | Place    | Note
-------+----------+-------------------------------------------
     0 | D:1      | Lanoc the Octopode Gladiator began the quest for the Orb.
     0 | D:1      | Reached XP level 1. HP: 14/14 MP: 1/1
   147 | D:1      | Reached XP level 2. HP: 14/19 MP: 2/2
   383 | D:1      | Reached XP level 3. HP: 25/25 MP: 3/3
  1450 | D:2      | Reached XP level 4. HP: 22/30 MP: 4/4
  1455 | D:2      | Reached skill level 4 in Axes
  1590 | D:2      | Found a burning altar of Makhleb.
  1596 | D:2      | Found a sacrificial altar of Ru.
  2249 | D:3      | Reached XP level 5. HP: 36/36 MP: 5/5
  2300 | D:3      | Noticed Terence
  2308 | D:3      | Killed Terence
  3028 | D:3      | Found a sacrificial altar of Ru.
  3039 | D:3      | Reached skill level 5 in Axes
  3039 | D:3      | Reached XP level 6. HP: 42/42 MP: 6/6
  3516 | D:4      | Noticed a sky beast
  3524 | D:4      | Gained mutation: You are partially covered in rugged brown
                  | scales. (AC +1, +3% HP) [potion of mutation]
  3524 | D:4      | Gained mutation: You expend magic power (3 MP) to
                  | strengthen your wands. [potion of mutation]
  3530 | D:4      | Killed a sky beast
  3530 | D:4      | Reached XP level 7. HP: 41/48 MP: 7/7
  3659 | D:4      | Reached skill level 6 in Axes
  4068 | D:5      | Entered Level 5 of the Dungeon
  4077 | D:5      | Found a staircase to the Ecumenical Temple.
  4092 | Temple   | Entered the Ecumenical Temple
  4198 | Temple   | Became a worshipper of Uskayaw the Reveler
  4303 | D:5      | Reached * piety under Uskayaw
  4304 | D:5      | Reached ** piety under Uskayaw
  4309 | D:5      | Reached *** piety under Uskayaw
  4310 | D:5      | Reached **** piety under Uskayaw
  4314 | D:5      | HP: 1/50 [something (5)]
  4654 | D:5      | Reached skill level 5 in Dodging
  4884 | D:5      | Found a shattered altar of Ashenzari.
  5020 | D:5      | Reached skill level 1 in Invocations
  5098 | D:5      | Reached XP level 8. HP: 39/55 MP: 7/9
  5290 | D:5      | Reached skill level 7 in Axes
  5350 | D:5      | Reached skill level 5 in Fighting
  5373 | D:5      | Reached ***** piety under Uskayaw
  5922 | D:6      | Found a shimmering altar of Xom.
  5988 | D:6      | Reached skill level 8 in Axes
  5988 | D:6      | Reached XP level 9. HP: 62/62 MP: 11/11
  6356 | D:7      | Noticed Joseph
  6358 | D:7      | Noticed a hornet
  6373 | D:7      | Killed Joseph
  6373 | D:7      | Killed a hornet
  6377 | D:7      | HP: 3/63 [poisoned by a hornet]
  6757 | D:7      | Learned a level 2 spell: Passwall
  6759 | D:7      | Learned a level 1 spell: Sandblast
  6781 | D:7      | Reached skill level 9 in Axes
  7064 | D:7      | Reached skill level 1 in Earth Magic
  7112 | D:7      | Noticed Menkaure
  7119 | D:7      | Killed Menkaure
  7119 | D:7      | Reached skill level 5 in Invocations
  7333 | D:8      | Reached XP level 10. HP: 49/71 MP: 13/13
  7565 | D:8      | Slain by a centaur simulacrum

Levels and vault maps discovered:
D:1:      nagdon_arrival_zigzag_paths, layout_basic, serial_corexii_hall,
          chequers_hall_statues_corner_a, corexii_hall_statues_i,
          hangedman_decor_lopped, interstate_on_off, minmay_cut_off
D:2:      layout_loops_corners, amethyst_overflow_temple_binary,
          minmay_indecisive_spiral
D:3:      mumra_celtic_spiral_tile, layout_basic,
          nicolae_ru_great_annihilating_truth, uniq_terence
D:4:      cheibrodos_quashed, layout_basic
D:5:      minmay_goblin_kobold_castle, layout_loops_ring,
          ashenzari_conservatory_becter, minmay_temple_entry_junction,
          first_ration, skrybe_limestone_x, hangedman_abyss_or_decor_stagger
D:6:      layout_cave_pools, kennysheep_little_box
D:7:      layout_gridville, uniq_joseph, uniq_menkaure
D:8:      layout_layer_cave, serial_ice, serial_ice_e, serial_ice_k,
          serial_ice_b, serial_ice_a, serial_ice_m, serial_ice_n
Temple:   dpeg_five_rooms_temple

Skill      XL: |  1  2  3  4  5  6  7  8  9 |
---------------+----------------------------+-----
Axes           | 4 5 6 8 9 |  9.5
Fighting       | 3 4 5 6 |  6.6
Dodging        | 4 5 6 7 |  7.0
Invocations    | 1 3 5 |  5.2
Earth Magic    | 1 |  1.9
Throwing       | |  2.0

Action                   |  1- 3 |  4- 6 |  7- 9 | 10-12 || total
-------------------------+-------+-------+-------+-------++-------
Melee: War axe           |    56 |       |       |       ||    56
       Constrict         |    23 |    37 |    92 |     2 ||   154
       Tentacles         |    19 |    26 |    95 |     5 ||   145
       Hand axe          |    11 |   138 |   377 |    18 ||   544
Throw: Throwing net      |       |       |     1 |     3 ||     4
  Use: Potion            |       |     3 |     5 |     2 ||    10
       Scroll            |       |       |    17 |       ||    17
 Stab: Sleeping          |    10 |    12 |     9 |       ||    31
       Invisible         |       |     1 |       |       ||     1
       Paralysed         |       |     1 |    30 |       ||    31
       Distracted        |       |       |     1 |       ||     1
  Eat: Ration            |     2 |       |     1 |       ||     3
       Chunk             |     1 |     5 |    11 |       ||    17
Armor: Skin              |     4 |     6 |    33 |     3 ||    46
Dodge: Dodged            |    34 |    97 |   290 |    22 ||   443

Table legend:
 A = Non-vault XP
 B = Vault XP
 C = Vault XP percentage of total XP
 D = Non-vault monster count
 E = Vault monster count
 F = Vault count percentage of total count
                 A         B        C        D         E       F
            +---------+---------+-------+---------+---------+-------
      Total |    3363 |    1429 |  29.8 |     176 |      77 |  30.4
            +---------+---------+-------+---------+---------+-------
        D:1 |      50 |       3 |   5.7 |      27 |       2 |   6.9
        D:2 |      53 |      15 |  22.1 |      17 |       4 |  19.0
        D:3 |     225 |      77 |  25.5 |      32 |       5 |  13.5
        D:4 |     386 |       0 |   0.0 |      20 |       0 |   0.0
        D:5 |     631 |     425 |  40.2 |      22 |      60 |  73.2
        D:6 |     597 |       0 |   0.0 |      24 |       0 |   0.0
        D:7 |    1384 |     764 |  35.6 |      33 |       3 |   8.3
        D:8 |      37 |     145 |  79.7 |       1 |       3 |  75.0
            +---------+---------+-------+---------+---------+-------
